 Dungeon Crawl Stone Soup version 0.29-a0-1052-g6990b1bffc (webtiles) character file.

Game seed: 8009869887676425652

16 ragingrage the Sneak (level 2, -1/26 HPs)
             Began as a Minotaur Delver on Aug 17, 2022.
             Killed from afar by an orc wizard (5 damage)
             ... with a magic dart
             ... on level 5 of the Dungeon.
             The game lasted 00:00:47 (766 turns).

ragingrage the Sneak (Minotaur Delver)               Turns: 766, Time: 00:00:48

Health: -1/26      AC:  3    Str: 15 (16) XL:     2   Next: 37%
Magic:  1/1        EV: 11    Int: 11 (13) God:
Gold:   10         SH:  0    Dex: 10 (11) Spells: 1/1 levels left

rFire   . . .      SeeInvis .   a - +0 hand axe
rCold   . . .      Faith    .   (no shield)
rNeg    . . .      Spirit   .   b - +0 leather armour
rPois   .          Reflect  .   (helmet restricted)
rElec   .          Harm     .   (no cloak)
rCorr   .          Rampage  .   (no gloves)
Will    .....                   (no boots)
Stlth   +.........              (no amulet)
HPRegen 0.08/turn               h - +6 ring of intelligence
MPRegen 0.07/turn               (no ring)

@: confused, hasted, very quick
A: horns 2, retaliatory headbutt
a: no special abilities


You were on level 5 of the Dungeon.
You visited 1 branch of the dungeon, and saw 2 of its levels.

You collected 10 gold pieces.

Inventory:

Hand Weapons
 a - a +0 hand axe (weapon)
Armour
 b - a +0 leather armour (worn)
Jewellery
 h - a +6 ring of intelligence (left hand)
Wands
 g - a wand of digging (3)
Scrolls
 c - a scroll of fog
 d - a scroll of magic mapping
 e - a scroll of fear
 i - a scroll of identify {unknown}


   Skills:
 - Level 3.6 Fighting
 + Level 3.7 Axes
 - Level 2.1 Dodging
 - Level 4.1 Stealth


You had one spell level left.
You didn't know any spells.
Your spell library was empty.

Dungeon Overview and Level Annotations

Branches:
Dungeon (5/15)
 Temple: D:4-7

Altars:

Annotations:
D:5 exclusion: black bear


Innate Abilities, Weirdness & Mutations

You have a pair of horns on your head.
You reflexively headbutt those who attack you in melee.


Message History

There is a strange disturbance nearby!
Unknown command.
Unknown command.
You miss something. Something hits you.
You closely miss something. You headbutt something! Something hits you.
A worm comes into view.
You barely miss something. Your headbutt misses something.
Something hits you but does no damage.
You closely miss something. Something hits you but does no damage.
You closely miss something. Something hits you.
You barely miss something.
The orc shouts!
Something hits you. Something hits you but does no damage.
You miss something. Something hits you but does no damage.
You miss something. Something hits you.
You closely miss something. Something hits you.
You closely miss something. Something hits you.
It was a potion of degeneration.
There was something very wrong with that liquid.
You feel weakened.
You feel dopey.
You feel clumsy. Something hits you.
You miss something. Something hits you.
You closely miss something. Your headbutt misses something. Something hits you.
* * * LOW HITPOINT WARNING * * *
You hit something. Your headbutt misses something.
You hear some strange, mumbled words.
You are confused.
You bump into the rock wall.
You hear some strange, mumbled words.
A magic dart appears from out of thin air!
The magic dart hits you.
* * * LOW HITPOINT WARNING * * *
Unknown command.
You feel yourself speed up. Something completely misses you.
You bump into the rock wall.
Something hits you but does no damage.
You closely miss something. Your headbutt misses something.
You hear some strange, mumbled words.
A magic dart appears from out of thin air!
The magic dart hits you.
You die...

#.# ##.## ##...# #.... ....
o. #..###...# #.wo..o..# #{#
#@# #)# #.# ##### #########
#.# #...# ######.......#
#.####[#.###
........####.###.##...#...###
######.).[.....#.##.#####...#
# ####..<###.#.#.##...#...#.#
# #...................#.###.#


You could see a worm and an orc.

Vanquished Creatures
  A gnoll (D:5)
  2 orcs (D:5)
  A hobgoblin (D:4)
4 creatures vanquished.

Notes
Turn   | Place    | Note
-------+----------+-------------------------------------------
     0 | D:5      | ragingrage the Minotaur Delver began the quest for the Orb.
     0 | D:5      | Reached XP level 1. HP: 19/19 MP: 0/0
    74 | D:4      | Noticed a gnoll bouda
   490 | D:5      | Reached XP level 2. HP: 26/26 MP: 1/1
   535 | D:5      | Noticed a black bear
   766 | D:5      | Killed from afar by an orc wizard

Illustrated notes

Levels and vault maps discovered:
D:4:      layout_loops_ring, minmay_temple_entry_grid,
          ebering_ghost_disaster_area, kennysheep_cross_bottleneck, uniq_pikel,
          uniq_menkaure
D:5:      layout_loops_corners, biasface_ghost_orc_armoury

Skill      XL: |  1 |
---------------+----+-----
Axes           | 3 |  3.7
Fighting       | |  3.6
Dodging        | |  2.1
Stealth        | |  4.1

Action                   || total
-------------------------++-------
Melee: Hand axe          ||    23
       Headbutt          ||     3
  Use: Potion            ||     2
Armor: Leather armour    ||     7
Dodge: Dodged            ||     5

Table legend: (Time is in decaauts)
 A = Elapsed time spent in this place.
 B = Non-inter-level travel time spent in this place.
 C = Inter-level travel time spent in this place.
 D = Time resting spent in this place.
 E = Time spent auto-exploring this place.
 F = Levels seen in this place.
 G = Mean time per level.
                   A        B        C        D        E       F      G
               +--------+--------+--------+--------+--------+-----+--------+
         Total |    770 |    763 |      7 |    454 |    202 |   2 |  385.0 |
       Dungeon |    770 |    763 |      7 |    454 |    202 |   2 |  385.0 |
               +--------+--------+--------+--------+--------+-----+--------+

Top non-repeatable levels by time:
     D:5: 695 daAuts
     D:4: 74 daAuts
